 Dungeon Crawl Stone Soup version 0.20.0-15-g7f486f2 (webtiles) character file.

336 Stokviz the Chiller (level 6, -3/42 HPs)
             Began as a Vampire Ice Elementalist on June 22, 2017.
             Was an Initiate of Vehumet.
             Killed by miscasting Throw Icicle (24 damage)
             ... on level 4 of the Dungeon.
             The game lasted 00:33:42 (2994 turns).

Stokviz the Chiller (Vampire Ice Elementalist)      Turns: 2994, Time: 00:33:43

Health: -3/42      AC:  4    Str:  7    XL:     6   Next: 28%
Magic:  3/11       EV: 13    Int: 20    God:    Vehumet [......]
Gold:   52         SH:  0    Dex: 14    Spells: 2/12 levels left

rFire    . . .     SeeInvis +   h - +1 whip (venom)
rCold    + . .     Gourm    .   (no shield)
rNeg     + + .     Faith    .   a - +0 robe
rPois    +         Spirit   .   (no helmet)
rElec    .         Reflect  .   (no cloak)
rCorr    .         Harm     .   (no gloves)
MR       .....                  x - +1 pair of boots {Stlth+}
Stlth    +++++.....             s - amulet of magic regeneration
Regen    0.1/turn               v - ring of stealth
MPRegen  0.2/turn               (no ring)

@: very slightly contaminated, regenerating slowly
A: fangs 3, see invisible, unbreathing
a: Bat Form, Renounce Religion


You were on level 4 of the Dungeon.
You worshipped Vehumet.
Vehumet was noncommittal.
You were thirsty.

You visited 1 branch of the dungeon, and saw 4 of its levels.

You collected 52 gold pieces.

Inventory:

Hand Weapons
 d - a +0 dagger
 g - a +0 hunting sling of freezing
 h - a +1 whip of venom (weapon)
 z - a +0 quarterstaff of speed
Missiles
 k - 53 stones (quivered)
 o - 2 throwing nets
Armour
 a - a +0 robe (worn)
 p - a +0 pair of boots
 r - a +2 pair of boots
 x - a +1 pair of boots of stealth (worn)
Jewellery
 e - an uncursed amulet of guardian spirit
 s - an amulet of magic regeneration (around neck)
 v - a ring of stealth (left hand)
 C - an uncursed ring of positive energy {unknown}
Wands
 D - a wand of flame (39/48)
Scrolls
 i - 3 scrolls of identify
 m - a scroll of enchant weapon {unknown}
 n - 4 scrolls of amnesia
 q - a scroll of teleportation
 t - a scroll of magic mapping {unknown}
 u - a scroll of random uselessness {unknown}
 y - a scroll of remove curse
 B - a scroll of enchant armour {unknown}
Potions
 c - 10 potions of blood
 f - 2 potions of mutation
 j - a potion of agility {unknown}
 l - a potion of magic {unknown}
 w - 3 potions of curing {unknown}
 A - a potion of cancellation {unknown}
Books
 b - a book of Frost

   Spells                             Type                      Level
   a - Freeze                         Ice                          1
   b - Throw Frost                    Conjuration/Ice              2
   c - Ozocubu's Armour               Charms/Ice                   3
   d - Throw Icicle                   Conjuration/Ice              4
   e - Summon Ice Beast               Ice/Summoning                4


   Skills:
 + Level 0.6 Fighting
 + Level 0.2 Short Blades
 + Level 0.8 Maces & Flails
 + Level 1.8 Slings
 + Level 2.9 Dodging
 + Level 3.6 Stealth
 * Level 3.7 Spellcasting
 - Level 0.7 Conjurations
 * Level 4.6 Ice Magic


You had 2 spell levels left.
You knew the following spells:

 Your Spells              Type           Power        Failure   Level  Hunger
a - Freeze                Ice            ###.         1%          1    None
b - Throw Frost           Conj/Ice       ##....       7%          2    ##.....
c - Ozocubu's Armour      Chrm/Ice       ##......     16%         3    ###....
d - Throw Icicle          Conj/Ice       ##......     41%         4    ####...


Dungeon Overview and Level Annotations

Branches:
Dungeon (4/15)
 Temple: D:4-7

Altars:
Vehumet

Annotations:
D:4 Menkaure


Innate Abilities, Weirdness & Mutations

You heal slowly.
You have razor-sharp teeth.
You have supernaturally acute eyesight. (SInv)
You can survive without breathing.


Message History

Confirm with . or Enter, or press ? or * to list all spells.
Aiming: Freeze
Press: ? - help, Shift-Dir - straight line, f/p - orc
Aim: an orc, wielding a dagger (almost dead)
You freeze the orc.
You kill the orc!
Vehumet accepts your kill.
Menkaure calls on the powers of darkness!
The orc convulses!
The orc priest convulses!
Your body is wracked with pain!
The orc convulses!
Casting: Freeze
Confirm with . or Enter, or press ? or * to list all spells.
Aiming: Throw Icicle
Press: ? - help, Shift-Dir - straight line, f - Menkaure
Aim: Menkaure (fast)
You miscast Throw Icicle.
You are very lightly contaminated with residual magic.
You are blasted with magical energy!
Ouch! That really hurt!
You die...

... ##.oo... #.###
#....... #...#
..o.M.. #.## .......
#(.# ##.....# ##.#
#......< #.##
#####.......
#.)######...........
##)@)Mooo(####.....#
######.### ##...##
##..# .#### #...# .#
########.#.# .#
#........#.# .#
#........#.# .#
#.......##.#
#.......##.#


You could see Menkaure, an orc priest and 2 orcs.

Vanquished Creatures
  A hound (D:4)
  A bullfrog skeleton (D:4)
  An orc priest (D:3)
  2 orc wizards
  An iguana (D:4)
  A worker ant (D:4)
  4 adders (D:3)
  A worm (D:4)
  2 dart slugs
  5 leopard geckos
  22 orcs
  2 giant cockroaches (D:1)
  4 goblins
  11 hobgoblins
  3 kobolds
  A quokka (D:3)
  10 bats
  3 frilled lizards
  A rat (D:1)
76 creatures vanquished.

Notes
Turn   | Place    | Note
-------+----------+-------------------------------------------
     0 | D:1      | Stokviz the Vampire Ice Elementalist began the quest for the Orb.
     0 | D:1      | Reached XP level 1. HP: 13/13 MP: 3/3
   111 | D:1      | Reached XP level 2. HP: 9/19 MP: 3/5
   483 | D:1      | Reached XP level 3. HP: 15/24 MP: 3/6
   487 | D:1      | Learned a level 2 spell: Throw Frost
   513 | D:1      | Learned a level 3 spell: Ozocubu's Armour
  1530 | D:3      | Reached XP level 4. HP: 20/31 MP: 0/7
  1674 | D:3      | Reached skill level 4 in Ice Magic
  1754 | D:3      | Reached skill level 1 in Slings
  1781 | D:3      | Reached XP level 5. HP: 36/36 MP: 4/9
  2359 | D:4      | Learned a level 4 spell: Throw Icicle
  2475 | D:4      | Reached XP level 6. HP: 42/42 MP: 1/11
  2830 | D:4      | Found a radiant altar of Vehumet.
  2841 | D:4      | Became a worshipper of Vehumet
  2973 | D:4      | Noticed Menkaure
  2994 | D:4      | Killed by miscasting Throw Icicle

Skill      XL: |  1  2  3  4  5 |
---------------+----------------+-----
Ice Magic      | 4 |  4.6
Slings         | 1 |  1.8
Spellcasting   | 3 |  3.7
Fighting       | |  0.6
Short Blades   | |  0.2
Maces & Flails | |  0.8
Dodging        | |  2.9
Stealth        | |  3.6
Conjurations   | |  0.7

Action                   |  1- 3 |  4- 6 || total
-------------------------+-------+-------++-------
Melee: Dagger            |    17 |       ||    17
       Whip              |    66 |    51 ||   117
       Bite              |     8 |     3 ||    11
 Fire: Hunting sling     |    10 |    28 ||    38
 Cast: Freeze            |    19 |    30 ||    49
       Throw Frost       |    13 |     8 ||    21
       Throw Icicle      |       |     3 ||     3
 Abil: End Transformatio |     1 |       ||     1
       Bat Form          |     1 |       ||     1
  Use: Potion            |     2 |     5 ||     7
       Scroll            |       |     7 ||     7
 Stab: Sleeping          |       |     3 ||     3
       Distracted        |       |     1 ||     1
Armor: Robe              |    22 |    14 ||    36
Dodge: Dodged            |    89 |    47 ||   136
